 Dungeon Crawl Stone Soup version 0.30-a0-422-g946f4849ff (webtiles) character file.

Game seed: 10520464053554423002

209 funkygono the Grave Robber (level 5, -3/35 HPs)
             Began as a Demonspawn Necromancer on Dec 8, 2022.
             Constricted to death by Grinder (7 damage)
             ... on level 3 of the Dungeon.
             The game lasted 00:06:41 (3441 turns).

funkygono the Grave Robber (Demonspawn Necromancer) Turns: 3441, Time: 00:06:41

Health: -3/35      AC:  5    Str:  9    XL:     5   Next: 55%
Magic:  20/20      EV:  9    Int: 18    God:
Gold:   144        SH:  0    Dex: 13    Spells: 4/12 levels left

rFire   . . .      SeeInvis .    e - +1 dagger (protect)
rCold   . . .      Faith    .    (no shield)
rNeg    . . .      Spirit   .    a - +0 robe
rPois   .          Reflect  .    (no helmet)
rElec   .          Harm     .    k - +0 cloak
rCorr   .          Rampage  .    (no gloves)
Will    .....                    (no boots)
Stlth   ++........               (no amulet)
HPRegen 0.25/turn                h - ring of magical power
MPRegen 0.17/turn                (no ring)

@: grasped by roots, hasted, constricted, very quick
A: icy blue scales 1
a: no special abilities


You were on level 3 of the Dungeon.
You visited 1 branch of the dungeon, and saw 3 of its levels.

You collected 144 gold pieces.

Inventory:

Hand Weapons
 e - a +1 dagger of protection (weapon)
 i - a +0 short sword
 m - a +0 whip
 q - a +0 long sword
Armour
 a - a +0 robe (worn)
 k - a +0 cloak (worn)
Jewellery
 c - a ring of magical power
 h - a ring of magical power (left hand)
Potions
 b - a potion of magic
 d - a potion of brilliance
 f - a potion of attraction
 g - 3 potions of mutation
 l - a potion of berserk rage {unknown}
 n - a potion of resistance {unknown}
 p - a potion of ambrosia {unknown}


   Skills:
 + Level 0.3 Fighting
 + Level 0.3 Short Blades
 + Level 2.0 Dodging
 - Level 1.7 Stealth
 + Level 4.0 Spellcasting
 + Level 6.0 Necromancy


You had 4 spell levels left.
You knew the following spells:

 Your Spells              Type           Power      Damage    Failure   Level
a - Necrotise             Necr           100%       1d9       1%          1
b - Vampiric Draining     Necr           25%        2d7       3%          3
c - Animate Dead          Necr           25%        N/A       12%         4

Your spell library contained the following spells:

 Spells                   Type           Power      Damage    Failure   Level
 Gell's Gravitas          Tloc           3%         N/A       41%         3
 Ignite Poison            Fire/Tmut/Pois 3%         N/A       41%         3
 Lesser Beckoning         Tloc           6%         N/A       41%         3
 Ozocubu's Armour         Ice            3%         N/A       41%         3
 Teleport Other           Tloc           3%         N/A       41%         3
 Sticky Flame             Conj/Fire      3%         2d3       82%         4
 Agony                    Necr           25%        N/A       34%         5
 Ozocubu's Refrigeration  Ice            1%         4d7       100%        7
 Ignition                 Fire           1%         3d3       100%        8


Dungeon Overview and Level Annotations

Branches:
Dungeon (3/15)

Altars:

Shops:
D:3 ?

Annotations:
D:3 Grinder


Innate Abilities, Weirdness & Mutations

You are partially covered in icy blue scales. (AC +2)


Message History

Unknown command.
Casting: Necrotise (safe; 1% risk of failure)
Confirm with . or Enter, or press ? or * to list all spells.
Aiming: Necrotise (safe; 1% risk of failure)
Press: ? - help, Shift-Dir - straight line, f - you
Okay, then.
Casting: Necrotise (safe; 1% risk of failure)
Confirm with . or Enter, or press ? or * to list all spells.
Aiming: Necrotise (safe; 1% risk of failure)
Press: ? - help, Shift-Dir - straight line, f - Grinder
Aim: Grinder, carrying a wand of roots (4) (not susceptible) Grinder is unaffected.
Grinder gestures at you.
You shrug off the repeated paralysis!
Unknown command.
Grinder gestures at you. Pain shoots through your body!
You hit Grinder but do no damage.
Your weapon exudes an aura of protection.
Grinder misses you.
You hit Grinder but do no damage. Grinder barely misses you.
You hit Grinder.
Grinder is lightly wounded.
Grinder gestures at you. Pain shoots through your body!
You barely miss Grinder.
Grinder is lightly wounded.
Grinder gestures at you. Pain shoots through your body!
You feel yourself speed up. Grinder hits you.
You writhe in agony.
* * * LOW HITPOINT WARNING * * *
Unknown command.
Grinder says, "DUCK!"
Grinder gestures at you. Pain shoots through your body!
* * * LOW HITPOINT WARNING * * *
Grinder zaps a wand.
The roots erupt in riotous growth!
The grasping roots grab you! The grasping roots constrict you!
You die...

####......#.# #.###########
...#.####.#.# #.# .#.#.# ##.#.#
#.# .#.#.###....# #.#########
.#.#.....<..# #.#........
.#.#####..#### #.......##
.............# ######.###..#.#
.#.########.######....#........##
.)..........#...@................
...##....####.####.###.##.##.#.#.
##..............##...........#...
....................5...........>
.##.#....###########.#.#.#.#...#5
.##.#....# #...........#.
.##.###### ####### #..####.#.#.#<
..#.# #.....# #.......#.#.#.
....# #.....###.#.###.#.#.#.


You could see Grinder.

Vanquished Creatures
  Jessica (D:3)
  Natasha (twice) (D:2)
  A gnoll (D:1)
  3 adders
  2 worms
  3 dart slugs
  5 endoplasms
  9 giant cockroaches (D:2)
  5 hobgoblins
  3 kobolds
  2 quokkas
  4 ball pythons
  4 bats
  2 frilled lizards
  14 goblins
  7 rats
  A spectral kobold (D:2)
68 creatures vanquished.

Vanquished Creatures (collateral kills)
  An adder (D:2)
  A dart slug (D:2)
  An orc (D:3)
  2 giant cockroaches
  A frilled lizard (D:2)
6 creatures vanquished.

Vanquished Creatures (others)
  A giant cockroach zombie (D:2)
  An orc zombie (D:3)
  39 plants
41 creatures vanquished.

Grand Total: 115 creatures vanquished

Notes
Turn   | Place    | Note
-------+----------+-------------------------------------------
     0 | D:1      | funkygono the Demonspawn Necromancer began the quest for
                  | the Orb.
     0 | D:1      | Reached XP level 1. HP: 13/13 MP: 3/3
   276 | D:1      | Gained mutation: You are partially covered in icy blue
                  | scales. (AC +2) [demonic ancestry]
   276 | D:1      | Reached XP level 2. HP: 19/19 MP: 1/5
   643 | D:1      | Reached skill level 5 in Necromancy
   650 | D:1      | Reached XP level 3. HP: 24/24 MP: 6/6
  1266 | D:2      | Noticed Natasha
  1272 | D:2      | Killed Natasha
  1371 | D:2      | Reached XP level 4. HP: 30/30 MP: 8/8
  1565 | D:2      | Learned a level 3 spell: Vampiric Draining
  1604 | D:2      | Found a faded altar of an unknown god.
  1634 | D:2      | Learned a level 4 spell: Animate Dead
  1658 | D:2      | Noticed Natasha
  1667 | D:2      | Killed Natasha
  2131 | D:2      | Reached XP level 5. HP: 24/35 MP: 10/10
  2486 | D:3      | Found Bolewo's Magic Scroll Shop.
  2601 | D:3      | Reached skill level 6 in Necromancy
  3023 | D:3      | Noticed Jessica
  3040 | D:3      | Killed Jessica
  3136 | D:3      | Noticed Grinder
  3140 | D:3      | Paralysed by Grinder for 5 turns
  3421 | D:3      | Paralysed by Grinder for 2 turns
  3441 | D:3      | Constricted to death by Grinder

Illustrated notes

Levels and vault maps discovered:
D:1:      dpeg_arrival_long_road, layout_basic, serial_bayou_ford_a,
          chequers_garden, kennysheep_pointless_box, serial_park_tiny_2,
          minmay_tetromino_o4
D:2:      minmay_roachtagon, layout_loops_ring,
          dreamdust_ecumenical_altar_drowned_temple, kennysheep_boxes,
          uniq_natasha
D:3:      layout_basic, serial_shops, shop, uniq_jessica, uniq_grinder

Skill      XL: |  1  2  3  4  5 |
---------------+----------------+-----
Necromancy     | 5 6 |  6.0
Spellcasting   | 3 4 |  4.0
Dodging        | 2 |  2.0
Fighting       | |  0.3
Short Blades   | |  0.3
Stealth        | |  1.7

Action                   |  1- 3 |  4- 6 || total
-------------------------+-------+-------++-------
Melee: Dagger            |     1 |   112 ||   113
 Cast: Necrotise         |    58 |    61 ||   119
       Animate Dead      |       |     8 ||     8
  Use: Scroll            |     4 |     4 ||     8
       Potion            |       |     1 ||     1
Armor: Robe              |     2 |    65 ||    67
Dodge: Dodged            |     8 |   110 ||   118

Table legend: (Time is in decaauts)
 A = Elapsed time spent in this place.
 B = Non-inter-level travel time spent in this place.
 C = Inter-level travel time spent in this place.
 D = Time resting spent in this place.
 E = Time spent auto-exploring this place.
 F = Levels seen in this place.
 G = Mean time per level.
                   A        B        C        D        E       F      G
               +--------+--------+--------+--------+--------+-----+--------+
         Total |   3461 |   3427 |     34 |    100 |   2719 |   3 | 1153.7 |
       Dungeon |   3461 |   3427 |     34 |    100 |   2719 |   3 | 1153.7 |
               +--------+--------+--------+--------+--------+-----+--------+

Top non-repeatable levels by time:
     D:2: 1305 daAuts
     D:1: 1266 daAuts
     D:3: 889 daAuts
